Map: Lerilak Crest

Players

Nerchio - Winner!

  • Race: Zerg Zerg
  • League: Grandmaster

Protosser

  • Race: Zerg Zerg
  • League: Grandmaster

Event: DreamHack ZOWIE Open Leipzig

VOD

Have the link to the VOD?

Description

Time

  • Played on: Jan. 22, 2016, 7:40 a.m.
  • Length: 10:20

All games in this series

Show
View Real Time Build Order
Export as new Build Order

Nerchio Zerg - Winner!

Build Orders: Pool First, Zergling Baneling 

Get SALT Encoding   

  12  0:00  Drone  
  13  0:12  Overlord  
  13  0:17  Drone  
  14  0:30  Drone x2  
  14  0:34  Drone  
  17  0:43  Extractor  
  17  0:47  Spawning Pool  
  15  0:50  Drone  
  15  0:55  Drone  
  17  1:06  Drone  
  18  1:17  Overlord  
  18  1:34  Zergling x2, Queen  
  18  1:38  Zergling x2  
  22  1:45  Metabolic Boost  
  22  1:49  Zergling x2  
  23  2:00  Zergling x2  
  24  2:02  Hatchery  
  24  2:08  Baneling Nest  
  22  2:13  Drone  
  23  2:22  Drone  
  24  2:27  Queen  
  26  2:33  Zergling x2  
  27  2:41  Zergling x4  
  29  2:45  Overlord  
  29  2:49  Drone  
  30  2:56  Baneling x2  
  30  3:04  Baneling x2  
  30  3:06  Zergling x4  
  32  3:13  Zergling x4  
  32  3:15  Zergling x2  
  32  3:17  Zergling x2  
  33  3:20  Zergling x2  
  33  3:25  Zergling x2  
  32  3:27  Baneling x2  
  29  3:35  Zergling x2  
  29  3:36  Zergling x2  
  28  3:43  Baneling, Zergling x2  
  28  3:44  Zergling x4  
  28  3:47  Zergling x2  
  30  3:51  Zergling x2  
  30  3:53  Drone  
  32  3:56  Baneling x2  
  32  3:59  Drone  
  33  4:06  Baneling  
  33  4:07  Baneling  
  33  4:12  Drone  
  33  4:13  Drone  
  33  4:16  Zergling x2  
  33  4:17  Zergling x2  
  33  4:18  Baneling  
  33  4:19  Baneling  
  33  4:21  Zergling x2  
  34  4:24  Zergling x2  
  32  4:35  Drone x3  
  32  4:38  Drone  
  34  4:45  Queen  
  36  4:48  Baneling x2  
  36  4:51  Zergling x2  
  37  4:53  Zergling x2  
  37  4:56  Zergling x2  
  39  5:01  Zergling x4  
  39  5:04  Zergling x2  
  39  5:06  Zergling x2  
  43  5:07  Zergling x2  
  44  5:15  Baneling x2  
  44  5:18  Baneling  
  44  5:21  Overlord  
  44  5:25  Baneling  
  44  5:26  Baneling  
  44  5:28  Overlord x2  
  43  5:34  Zergling x4  
  44  5:36  Overlord  
  44  5:41  Zergling x4  
  43  5:45  Overlord  
  43  5:48  Baneling x2  
  44  5:50  Zergling x2  
  44  5:56  Drone x2  
  46  5:58  Drone  
  46  6:00  Drone  
  46  6:03  Drone  
  48  6:05  Drone  
  48  6:14  Drone x2  
  48  6:16  Queen  
  49  6:26  Zergling x8  
  49  6:30  Drone  
  49  6:31  Queen  
  54  6:39  Extractor  
  49  6:44  Zergling x6  
  50  6:51  Drone x2  
  50  6:52  Queen  
  54  6:59  Zergling x2  
  54  7:00  Zergling x2  
  56  7:01  Baneling  
  56  7:02  Baneling  
  56  7:04  Hatchery, Zergling x2  
  56  7:06  Zergling x2  
  57  7:09  Zergling x2  
  58  7:20  Drone x2  
  59  7:23  Baneling x3  
  59  7:25  Drone  
  59  7:26  Drone x3  
  63  7:31  Hatchery, Drone x3  
  63  7:35  Zergling x2  
  66  7:42  Extractor  
  65  7:44  Baneling x4  
  65  7:45  Baneling  
  61  7:51  Zergling x4  
  61  7:52  Zergling x8  
  61  7:55  Roach Warren  
  61  7:57  Zergling x2  
  65  8:04  Drone  
  65  8:05  Lair, Drone  
  62  8:21  Zergling x4  
  62  8:22  Zergling x10  
  62  8:23  Baneling  
  62  8:24  Baneling x2  
  68  8:29  Zergling x2  
  69  8:34  Zergling x2  
  65  8:43  Drone  
  65  8:46  Roach x2  
  69  8:49  Queen  
  69  8:50  Roach x2  
  69  8:53  Roach x2  
  69  8:55  Roach x2, Baneling  
  83  8:56  Baneling x2  
  83  9:00  Evolution Chamber, Overlord  
  83  9:02  Overlord  
  82  9:04  Roach  
  82  9:06  Overlord  
  82  9:11  Roach x2  
  82  9:14  Roach  
  83  9:20  Roach  
  83  9:21  Roach x2  
  83  9:23  Roach  
  90  9:25  Roach  
  90  9:29  Roach  
  96  9:31  Roach  
  96  9:34  Roach  
  96  9:37  Roach  
  99  9:41  Roach x2  
  102  9:46  Roach x2  
  102  9:49  Roach  
  102  9:51  Roach  
  110  9:54  Overlord  
  110  9:58  Overlord  
  109  10:06  Drone  
  110  10:07  Drone  
  110  10:08  Drone  
Show
View Real Time Build Order
Export as new Build Order

Protosser Zerg 

Build Orders: Pool First, Zergling Baneling 

Get SALT Encoding   

  12  0:00  Drone  
  13  0:13  Overlord  
  13  0:17  Drone  
  14  0:31  Drone x2  
  14  0:35  Drone, Extractor  
  16  0:47  Spawning Pool  
  15  0:50  Drone  
  16  0:57  Drone  
  17  1:08  Drone  
  18  1:21  Hatchery  
  18  1:25  Drone  
  18  1:36  Queen  
  20  1:43  Metabolic Boost  
  20  1:47  Drone  
  21  1:53  Overlord  
  21  1:57  Zergling x2  
  22  2:05  Baneling Nest  
  21  2:13  Queen  
  23  2:21  Zergling x4  
  25  2:23  Zergling x2  
  26  2:33  Zergling x2  
  26  2:34  Zergling x2  
  28  2:45  Zergling x8  
  28  2:46  Zergling x2  
  33  2:54  Baneling x2  
  33  2:59  Zergling x2  
  33  3:00  Zergling x2  
  35  3:06  Baneling x2  
  32  3:21  Zergling x2  
  32  3:22  Zergling x10  
  33  3:39  Zergling x2  
  26  3:56  Baneling  
  26  3:57  Baneling x3  
  26  3:58  Drone x3  
  26  4:01  Drone x2  
  21  4:32  Drone  
  21  4:33  Drone x4  
  21  4:34  Drone x2  
  21  4:36  Drone  
  29  4:49  Drone  
  29  4:52  Baneling x2  
  30  4:55  Queen  
  32  5:05  Queen  
  32  5:17  Drone x3  
  32  5:20  Overlord  
  31  5:40  Drone x3  
  31  5:42  Drone x2  
  35  5:43  Baneling  
  35  5:44  Baneling x3  
  35  5:47  Drone  
  36  5:51  Drone x2  
  38  6:07  Zergling x4  
  40  6:22  Drone x2  
  40  6:30  Zergling x12  
  42  6:35  Overlord  
  38  6:52  Drone x3  
  41  6:54  Drone x2  
  41  6:55  Drone  
  41  6:56  Drone  
  43  7:14  Drone x2  
  45  7:16  Hatchery  
  45  7:21  Drone x2  
  44  7:23  Drone x2  
  44  7:27  Overlord  
  44  7:54  Drone x7  
  47  8:11  Baneling x6  
  47  8:13  Zergling x12  
  35  8:23  Zergling x2  
  33  8:30  Queen  
  30  8:43  Baneling  
  30  8:46  Drone x7  
  37  8:51  Drone x2  
  39  9:00  Drone x3  
  42  9:06  Drone x2  
  41  9:11  Drone x2  
  43  9:20  Drone x2  
  43  9:22  Drone  
  44  9:32  Drone x2  
  44  9:34  Drone x3  
  49  9:39  Drone x2  
  48  9:55  Drone x4  
  48  9:56  Drone  
  48  9:57  Drone x2  
  48  9:58  Baneling x2  
  48  9:59  Baneling  

Tags
 
Add a new tag
Caveats
  • Supply blocks, unpowered buildings, or Contaminate may cause inaccurate times.
  • Supply counts are checked every 10 seconds.